 Dungeon Crawl Stone Soup version 0.27.1-33-g824d729ab1 (webtiles) character file.

Game seed: 9156358241213420535

16439 safid the Severer (level 12, -5/100 HPs)
             Began as a Hill Orc Fighter on Nov 30, 2021.
             Was an Elder of Beogh.
             Slain by an orc knight (16 damage)
             ... on level 2 of the Orcish Mines on Dec 7, 2021.
             The game lasted 00:35:16 (14798 turns).

safid the Severer (Hill Orc Fighter)               Turns: 14798, Time: 00:35:18

Health: -5/100     AC: 22    Str: 24    XL:     12   Next: 37%
Magic:  12/12      EV:  8    Int:  8    God:    Beogh [****..]
Gold:   1185       SH:  0    Dex: 10    Spells: 11/11 levels left

rFire    + . .     SeeInvis .   a - +0 war axe
rCold    . . .     Faith    .   c - +0 kite shield
rNeg     . . .     Spirit   .   m - +0 plate armour
rPois    +         Reflect  .   M - +2 hat
rElec    .         Harm     .   O - +1 cloak
rCorr    .         Rampage  .   l - +2 pair of gloves
Will     .....                  q - +1 pair of boots
Stlth    ..........             e - amulet of the acrobat
HPRegen  0.26/turn              z - ring of protection from fire
MPRegen  0.13/turn              P - ring of poison resistance

@: confused, ambrosia-drunk
A: no striking features
a: Renounce Religion, Smiting, Recall Orcish Followers


You were on level 2 of the Orcish Mines.
You worshipped Beogh.
Beogh was greatly pleased with you.
You visited 2 branches of the dungeon, and saw 14 of its levels.

You collected 1185 gold pieces.

Inventory:

Hand Weapons
 a - a +0 war axe (weapon)
Missiles
 d - a curare-tipped dart
 o - 5 throwing nets
 E - 38 poisoned darts (quivered)
 G - 11 boomerangs
Armour
 c - a +0 kite shield (worn)
 l - a +2 pair of gloves (worn)
 m - a +0 plate armour (worn)
 q - a +1 pair of boots (worn)
 M - a +2 hat (worn)
 O - a +1 cloak (worn)
Jewellery
 e - an amulet of the acrobat (around neck)
 z - a ring of protection from fire (left hand)
 A - a ring of protection from cold
 P - a ring of poison resistance (right hand)
 T - a ring of willpower
Wands
 h - a wand of charming (18)
 k - a wand of mindburst (25)
 u - a wand of polymorph (7)
 y - a wand of acid (12)
 F - a wand of iceblast (10)
 J - a wand of paralysis (6)
 R - a wand of flame (9)
 U - a wand of digging (4)
Scrolls
 f - 5 scrolls of teleportation
 g - 2 scrolls of enchant weapon
 i - 2 scrolls of fear
 p - 2 scrolls of fog
 s - 6 scrolls of magic mapping
 t - a scroll of noise {unknown}
 v - a scroll of vulnerability {unknown}
 D - a scroll of acquirement {unknown}
 I - a scroll of amnesia
Potions
 j - 2 potions of attraction {unknown}
 n - 4 potions of flight {unknown}
 r - a potion of degeneration {unknown}
 w - 2 potions of curing
 x - 2 potions of magic {unknown}
 B - a potion of berserk rage {unknown}
 H - a potion of lignification {unknown}
 L - a potion of brilliance {unknown}
 N - 2 potions of invisibility {unknown}
 S - a potion of haste {unknown}
 V - a potion of mutation {unknown}
 W - a potion of cancellation {unknown}


   Skills:
 + Level 7.1 Fighting
 + Level 15.7 Axes
 + Level 6.5 Armour
 + Level 4.0 Dodging
 + Level 13.7 Shields


You had 11 spell levels left.
You didn't know any spells.
Your spell library contained the following spells:

 Spells                   Type           Power      Damage    Failure   Level
 Sublimation of Blood     Necr           0%         N/A       100%        2
 Frozen Ramparts          Ice            0%         1d2       100%        3
 Ice Form                 Ice/Tmut       0%         N/A       100%        4
 Petrify                  Tmut/Erth      0%         N/A       100%        4
 Summon Ice Beast         Ice/Summ       0%         N/A       100%        4
 Irradiate                Conj/Tmut      0%         3d14      100%        5


Dungeon Overview and Level Annotations

Branches:
Dungeon (12/15)            Temple (0/1) D:7            Lair (0/6) D:11
    Orc (2/2) D:9             Elf (0/3) Orc:2

Altars:
Gozag
Ru

Shops:
D:6 =   D:8 ?   Orc:1 :

Portals:
Trove: D:11 (give 9 potions of haste)

Annotations:
D:4 1 runed translucent door, JonathMagnus's ghost, amateur DrSu
Orc:2 Erolcha


Message History

Your plate armour prevents you from hitting the orc knight.
You block the gnoll sergeant's attack.
The orc knight hits you with a +0 battleaxe!!
* * * LOW HITPOINT WARNING * * *
Unknown command.
Blink to where?
Press: ? - help, Dir - move target
Found 20 gold pieces.
As you read the scroll of blinking, it crumbles to dust.
There is a stone staircase leading up here.
You climb upwards.
The orc warrior falls on its knees before you.
It shouts, "I'll follow thee gladly!"
The orc relaxes its fighting stance and smiles at you.
It says, "I'm so glad you are here now."
The orc high priest shouts!
The orc shouts!
The orc warrior shouts!
Reactivating autopickup.
The orc warrior completely misses you.
The orc high priest mumbles some strange prayers to Beogh against you.
You resist with significant effort.
Found Mugapimia's Book Shoppe.
There is a stone staircase leading down here.
You block the orc warrior's attack.
Your orc warrior barely misses the orc high priest.
Your orc warrior misses the orc warrior.
You climb downwards.
Level annotation: Erolcha You block the two-headed ogre's attack.
The two-headed ogre hits you but does no damage.
The orc knight roars a battlecry!
The orc high priest goes into a battle-frenzy!
There is a stone staircase leading up here.
You are confused.
You feel invigorated. The two-headed ogre closely misses you.
The two-headed ogre hits you with a +0 giant club!
* * * LOW HITPOINT WARNING * * *
The orc high priest hits you but does no damage.
The orc knight hits you with a +0 battleaxe!
You die...
Beogh appreciates the orc knight's killing of a heretic priest.

##.#### ...#.## #.#...# ###
###.##.#### #.## #.##
##.$....##.##...# ...## ####
#....o..T.O.....##
....###..####..##..#........#
.#.###....##..#######.#..#.## #
.#..#..........#@####.##....##.#
.....#.........oOo##.O..T..#....
.#..#.............O#.)gT)OO.....
............##.....O#)ยง#go......
.............#......#####OO.....
..............#.##...#


OTO.... .............#.).##.## ..O#... .........#.####.##### .COO)..
..........## #.)[# ...O... You could see an orc knight, an orc high priest
(strong) and 3 two-headed ogres.

Vanquished Creatures
  Harold (D:7)
  A two-headed ogre (D:11)
  Pikel (D:8)
  A cyclops (D:11)
  A gargoyle (D:11)
  An unseen horror (D:12)
  A komodo dragon (D:11)
  5 trolls
  A shadow (D:10)
  A wyvern (D:10)
  15 yaks
  A basilisk (D:11)
  2 wraiths
  5 vampire mosquitoes
  4 wargs
  Menkaure (D:7)
  3 water moccasins
  A black bear (D:7)
  An ice beast (D:3)
  An orc warrior (D:9)
  2 sky beasts (D:6)
  A necrophage (D:6)
  11 centaurs
  3 ogres
  4 lemures (D:8)
  A phantom (D:5)
  A kobold brigand (D:6)
  2 bullfrogs (D:8)
  Blork the orc (D:6)
  A wyvern zombie (D:5)
  2 scorpions
  6 killer bees (D:9)
  9 wights
  2 howler monkeys
  A bullfrog zombie (D:6)
  7 centaur zombies
  2 hounds
  2 centaur skeletons (D:6)
  A gnoll shaman (D:3)
  6 orc priests
  2 jellies
  An iguana (D:7)
  8 orc wizards
  12 gnolls
  8 adders
  A shadow imp (D:6)
  2 white imps
  An adder skeleton (D:4)
  A worm (D:5)
  5 dart slugs
  31 orcs
  8 ball pythons
  8 bats
  3 endoplasms
  4 giant cockroaches
  9 goblins
  8 hobgoblins
  14 kobolds
  4 quokkas
  3 frilled lizards
  5 rats
251 creatures vanquished.

Vanquished Creatures (collateral kills)
  Nessos (Orc:2)
  3 two-headed ogres
  An orc sorcerer (Orc:2)
  A cyclops (D:12)
  A centaur zombie (D:10)
  A guardian mummy (D:11)
  A shadow (D:11)
  A wraith (D:11)
  3 yaks (D:12)
  2 basilisks (D:11)
  An acid dragon (D:11)
  2 orc warriors
  A centaur (D:12)
  5 ogres
  2 orc priests
  2 orc wizards
  3 orcs
  A quokka (D:11)
32 creatures vanquished.

Vanquished Creatures (others)
  2 orc knights
  An orc sorcerer (Orc:2)
  2 orc warriors (Orc:2)
  An orc priest (Orc:2)
  3 orc wizards (Orc:2)
  3 orcs
  4 toadstools (D:1)
16 creatures vanquished.

Grand Total: 299 creatures vanquished

Notes
Turn   | Place    | Note
-------+----------+-------------------------------------------
     0 | D:1      | safid the Hill Orc Fighter began the quest for the Orb.
     0 | D:1      | Reached XP level 1. HP: 19/19 MP: 1/1
   123 | D:1      | Reached skill level 3 in Axes
   160 | D:1      | Reached XP level 2. HP: 26/26 MP: 2/2
   324 | D:1      | Reached XP level 3. HP: 31/31 MP: 3/3
   742 | D:1      | Reached skill level 4 in Axes
   758 | D:1      | Found a faded altar of an unknown god.
  1084 | D:2      | Reached XP level 4. HP: 34/39 MP: 4/4
  1985 | D:3      | Reached skill level 5 in Axes
  2170 | D:3      | Reached skill level 5 in Shields
  2170 | D:3      | Reached XP level 5. HP: 28/42 MP: 5/5
  2430 | D:3      | Noticed an ice beast
  2444 | D:3      | Killed an ice beast
  2445 | D:3      | Reached skill level 6 in Axes
  2445 | D:3      | Reached XP level 6. HP: 46/51 MP: 6/6
  3021 | D:4      | Became a worshipper of Beogh the Brigand
  3112 | D:4      | You fall into a shaft and drop 1 floor!
  3112 | D:5      | Entered Level 5 of the Dungeon
  3114 | D:5      | Noticed a water moccasin
  3147 | D:5      | Killed a water moccasin
  3399 | D:5      | Reached skill level 7 in Axes
  3399 | D:5      | Reached XP level 7. HP: 57/57 MP: 7/7
  4053 | D:4      | Found a runed translucent door.
  4055 | D:4      | Noticed JonathMagnus's ghost (amateur DrSu)
  4473 | D:5      | Reached * piety under Beogh
  4474 | D:5      | Reached skill level 8 in Axes
  4897 | D:6      | Noticed Blork the orc
  4906 | D:6      | Killed Blork the orc
  4907 | D:6      | Reached XP level 8. HP: 43/64 MP: 8/8
  5005 | D:6      | Reached skill level 9 in Axes
  5101 | D:6      | Found an opulent altar of Gozag.
  5162 | D:6      | Found an opulent altar of Gozag.
  5172 | D:6      | Found an opulent altar of Gozag.
  5390 | D:6      | Reached skill level 10 in Axes
  5515 | D:6      | Found Xones's Jewellery Emporium.
  5536 | D:6      | Found an opulent altar of Gozag.
  6113 | D:7      | Noticed Harold
  6120 | D:7      | Reached XP level 9. HP: 63/70 MP: 9/9
  6136 | D:7      | Killed Harold
  6137 | D:7      | Reached skill level 11 in Axes
  6137 | D:7      | Reached skill level 10 in Shields
  6298 | D:7      | Noticed Menkaure
  6334 | D:7      | Killed Menkaure
  6605 | D:7      | Reached ** piety under Beogh
  6716 | D:7      | Found a staircase to the Ecumenical Temple.
  6748 | D:7      | Reached skill level 12 in Axes
  7679 | D:8      | Noticed Pikel
  7701 | D:8      | Killed Pikel
  7702 | D:8      | Reached XP level 10. HP: 53/77 MP: 10/10
  7942 | D:8      | Found Omeschus's Magic Scroll Boutique.
  8332 | D:9      | Reached skill level 13 in Axes
  9351 | D:9      | Found a staircase to the Orcish Mines.
  9365 | D:9      | Reached skill level 14 in Axes
 10011 | Orc:1    | Entered Level 1 of the Orcish Mines
 10383 | D:10     | Entered Level 10 of the Dungeon
 10440 | D:10     | Reached XP level 11. HP: 82/82 MP: 11/11
 10546 | D:10     | Reached *** piety under Beogh
 10573 | D:10     | Reached skill level 1 in Dodging
 11699 | D:11     | Noticed a cyclops
 11712 | D:11     | Killed a cyclops
 11842 | D:11     | Noticed a two-headed ogre
 11852 | D:11     | Killed a two-headed ogre
 11853 | D:11     | Reached skill level 5 in Fighting
 11853 | D:11     | Reached skill level 15 in Axes
 12090 | D:11     | Found a staircase to the Lair.
 12260 | D:11     | Found a sacrificial altar of Ru.
 12346 | D:11     | Reached skill level 5 in Armour
 12437 | D:11     | Noticed a two-headed ogre
 12448 | D:11     | Killed a two-headed ogre
 12545 | D:11     | Found a portal to a secret trove of treasure.
 12893 | D:12     | Noticed a cyclops
 12898 | D:12     | Reached **** piety under Beogh
 12912 | D:12     | Killed a cyclops
 12983 | D:12     | Gained Rocco as an ally
 12984 | D:12     | Reached XP level 12. HP: 96/96 MP: 12/12
 13927 | Orc:2    | Entered Level 2 of the Orcish Mines
 13930 | Orc:2    | Your ally Rocco died
 13932 | Orc:2    | Paralysed by an orc sorcerer for 4 turns
 13954 | Orc:2    | Found a staircase to the Elven Halls.
 13954 | Orc:2    | Noticed a two-headed ogre
 13962 | Orc:2    | Killed a two-headed ogre
 14077 | Orc:2    | Noticed a soul eater
 14083 | Orc:2    | Noticed Nessos
 14595 | Orc:2    | Killed Nessos
 14761 | Orc:2    | Noticed a two-headed ogre
 14761 | Orc:2    | Noticed a two-headed ogre
 14762 | Orc:2    | Noticed a two-headed ogre
 14763 | Orc:2    | Noticed a two-headed ogre
 14763 | Orc:2    | Noticed a two-headed ogre
 14764 | Orc:2    | Noticed a two-headed ogre
 14764 | Orc:2    | Noticed a two-headed ogre
 14766 | Orc:2    | Noticed Erolcha
 14769 | Orc:2    | Noticed a two-headed ogre
 14773 | Orc:2    | Killed a two-headed ogre
 14795 | Orc:1    | Noticed an orc high priest
 14795 | Orc:1    | Found Mugapimia's Book Shoppe.
 14798 | Orc:2    | Slain by an orc knight

Illustrated notes

Levels and vault maps discovered:
D:1:      ldierk_walled_garden_2, layout_rooms,
          hellmonk_ecumenical_altar_pennies_from_heaven, st_stairs_4
D:2:      layout_rooms
D:3:      layout_loops_ring
D:4:      layout_loops_ring, serial_glass, glass_columns_a, glass_columns_c,
          glass_columns_a, glass_columns_c, glass_columns_b, glass_columns_b,
          glass_columns_a, glass_columns_b, ebering_ghost_reflecting_pool,
          kennysheep_small_spiral, minmay_misc_feat_chi, grunt_decor_junction,
          kennysheep_generic_room_8
D:5:      layout_rooms, amcnicky_mini_corridor_feature,
          minmay_misc_feat_diagonals
D:6:      minmay_general_purpose_star, layout_basic,
          nicolae_gozag_conspicuous_consumption, serial_shops,
          nicolae_shop_behind_doors, uniq_blork_the_orc
D:7:      layout_basic, minmay_temple_entry_mini_moons, st_stairs_7,
          uniq_menkaure, uniq_harold
D:8:      layout_basic, serial_shops, nicolae_stop_n_shop_2, uniq_pikel
D:9:      layout_basic, minmay_orc_entry_guard_dogs
D:10:     layout_loops_cross
D:11:     layout_roguey, erik_lair_dragon, nicolae_trove_entry_path_of_doom,
          nicolae_ru_great_annihilating_truth
D:12:     layout_roguey, dk_noncrumbling_2
Orc:1:    layout_caves, serial_shops, shop_coins, nicolae_orc_sculptors_studio
Orc:2:    st_orc_open, layout_caves, uniq_nessos, uniq_rupert, uniq_erolcha

Skill      XL: |  1  2  3  4  5  6  7  8  9 10 11 12 |
---------------+-------------------------------------+-----
Axes           | 3 4 5 6 7 8 10 12 14 15 | 15.7
Shields        | 4 5 6 7 9 11 12 13 | 13.7
Fighting       | 6 7 |  7.1
Dodging        | 3 4 |  4.0
Armour         | 5 6 |  6.5

Action                   |  1- 3 |  4- 6 |  7- 9 | 10-12 || total
-------------------------+-------+-------+-------+-------++-------
Melee: War axe           |   112 |   158 |   350 |   543 ||  1163
Throw: Dart              |       |       |       |     2 ||     2
Invok: Convert to Beogh  |       |     1 |       |       ||     1
       Recall Orcish Fol |       |       |       |     3 ||     3
  Use: Potion            |     1 |     3 |     2 |     6 ||    12
       Scroll            |       |       |     8 |     2 ||    10
 Stab: Distracted        |       |       |       |     2 ||     2
       Confused          |       |       |       |     1 ||     1
Armor: Scale mail        |    52 |    19 |       |       ||    71
       Plate armour      |       |    72 |   180 |   279 ||   531
Dodge: Dodged            |    28 |    38 |    73 |   131 ||   270
Block: Kite shield       |    61 |   104 |   195 |   362 ||   722
